AoeStats
← ITA | MarknighT

Arabian Desert

509161527Analyzed
1v1 RM · 7d ago on Sep 25, 2026· 38m 34s· 2 players
Game mode
Random Map
Map size
Tiny (2 player)
Population
200
Speed
Normal
Resources
Standard
Victory
Conquest
Starting age
Dark Age
Ending age
Imperial Age
RankedLock teamsTeams togetherTeam positionsShared explorationLock speedFull tech treeHidden civsTurbo modeCheats
Victory
Defeat
🇸🇪 Ethiopians · Sweden
1933
+18
🇮🇹 Malay · Italy
1976
-18
addro94
7:02 Loom
9:21 Feudal Age
9:27 Man-at-Arms
10:49 Double-Bit Axe
15:04 Fletching
21:09 Castle Age
21:14 Crossbowman
21:49 Bodkin Arrow
21:16 Elite Skirmisher
26:34 Padded Archer Armor
26:50 Thumb Ring
28:15 Ballistics
30:18 Wheelbarrow
37:52 Imperial Age
38:35 Bracer
40:01 Chemistry
ITA | MarknighT
5:51 Loom
8:56 Feudal Age
10:33 Man-at-Arms
14:46 Fletching
16:42 Double-Bit Axe
17:14 Padded Archer Armor
23:31 Castle Age
22:29 Crossbowman
23:09 Bodkin Arrow
26:33 Bow Saw
27:41 Leather Archer Armor
28:14 Elite Skirmisher
32:16 Ballistics
36:59 Wheelbarrow
Connection lost

Rejoining the realm…

Still unreachable

The connection could not be restored.

Session expired

The server has moved on; the page needs a fresh start.